Map: 워터폴

Players

Future

  • Race: Terran Terran
  • Spawn Location: 7:00

Ryung - Winner!

  • Race: Terran Terran
  • Spawn Location: 1:00

Event: DreamHack SC2 Masters 2022 Atlanta (Offline)

VOD

Have the link to the VOD?

Description

Time

  • Played on: Nov. 18, 2022, 3:59 p.m.
  • Length: 12:02

All games in this series

Show
View Real Time Build Order
Export as new Build Order

Future Terran 

Build Orders:  

Get SALT Encoding   

  12  0:00  SCV  
  13  0:12  SCV  
  14  0:17  Supply Depot  
  14  0:24  SCV  
  15  0:38  SCV  
  15  0:39  Barracks  
  16  0:44  Refinery  
  16  0:50  SCV  
  16  0:53  Refinery  
  17  1:02  SCV  
  18  1:14  SCV  
  19  1:26  Reaper, Orbital Command  
  19  1:29  Supply Depot  
  20  1:42  Factory  
  20  1:52  SCV  
  21  1:58  Reaper  
  22  2:04  SCV  
  23  2:16  SCV  
  23  2:17  Command Center  
  24  2:26  Hellion  
  24  2:28  SCV  
  27  2:30  Reaper  
  27  2:34  Supply Depot  
  28  2:40  SCV  
  29  2:47  Hellion  
  31  2:55  Starport  
  31  2:57  SCV  
  32  3:05  Barracks Reactor  
  30  3:10  Factory Tech Lab  
  30  3:13  SCV  
  31  3:30  SCV  
  30  3:38  Siege Tank  
  30  3:39  Orbital Command  
  30  3:42  SCV  
  30  3:43  Refinery  
  30  3:44  Marine x2  
  30  3:45  Medivac  
  35  3:50  Supply Depot  
  35  3:54  SCV  
  36  4:01  Marine  
  36  4:02  Marine  
  38  4:05  SCV  
  38  4:06  SCV  
  40  4:10  Siege Tank  
  43  4:17  SCV  
  43  4:18  SCV  
  43  4:19  Marine x2  
  43  4:24  Supply Depot  
  47  4:25  Medivac  
  47  4:29  SCV  
  47  4:30  SCV  
  51  4:35  Command Center  
  51  4:40  Marine  
  51  4:41  SCV, Marine  
  51  4:42  SCV  
  55  4:49  Siege Tank  
  55  4:51  Supply Depot  
  58  4:53  SCV  
  58  4:54  SCV  
  60  5:00  Marine x2  
  60  5:01  Starport Tech Lab  
  60  5:05  SCV  
  60  5:07  SCV  
  64  5:15  Supply Depot  
  64  5:17  SCV  
  64  5:19  SCV, Barracks  
  66  5:24  Barracks  
  66  5:29  SCV, Starport Reactor  
  66  5:30  Refinery  
  66  5:31  Engineering Bay, SCV  
  66  5:33  Siege Tank, Marine  
  72  5:41  Stimpack  
  72  5:43  SCV x2  
  72  5:47  Supply Depot  
  72  5:48  Orbital Command  
  74  5:55  SCV x2  
  74  5:56  Refinery  
  76  5:57  Marine  
  76  5:59  Terran Infantry Weapons Level 1  
  77  6:07  SCV x2  
  79  6:13  Starport Reactor  
  79  6:14  Barracks  
  79  6:16  Barracks  
  79  6:17  Orbital Command  
  79  6:19  SCV x2  
  79  6:23  Supply Depot  
  81  6:28  Siege Tank  
  81  6:30  Marine x4  
  81  6:31  SCV x2, Marine  
  91  6:34  Sensor Tower  
  91  6:47  SCV x2  
  91  6:48  SCV, Marine x4  
  91  6:51  Marine  
  99  6:54  Supply Depot x2  
  99  6:58  Medivac  
  99  6:59  SCV  
  99  7:00  SCV x2  
  99  7:01  Siege Tank  
  108  7:02  Barracks Reactor  
  108  7:03  Barracks Reactor  
  108  7:06  Marine x2  
  104  7:09  Marine x3  
  103  7:20  Combat Shield  
  93  7:23  Marine x2  
  93  7:26  Marine  
  93  7:27  Marine x2  
  90  7:33  Siege Tank  
  90  7:34  Medivac  
  94  7:37  Medivac  
  94  7:40  Marine x2  
  94  7:41  Marine x2  
  94  7:42  Marine  
  94  7:44  Marine  
  94  7:45  Marine x3  
  97  7:52  Supply Depot  
  97  7:57  Marine  
  97  7:58  Marine  
  99  7:59  Marine x2  
  99  8:00  Marine  
  99  8:02  Marine  
  99  8:03  Marine x3  
  99  8:05  Siege Tank  
  107  8:15  Marine x2  
  107  8:17  Marine x2  
  107  8:18  Marine  
  109  8:23  Marine  
  109  8:25  Marine  
  107  8:28  Marine  
  107  8:30  Marine  
  105  8:35  Medivac x2, Marine  
  105  8:36  Marine x4  
  105  8:37  Siege Tank  
  117  8:41  Marine  
  117  8:43  Marine  
  117  8:45  Marine  
  117  8:47  Marine  
  121  8:50  Missile Turret  
  121  8:52  Missile Turret  
  121  8:53  Marine  
  121  8:54  Marine  
  119  9:02  Marine x5  
  118  9:03  Marine  
  118  9:05  Marine  
  119  9:11  Marine  
  119  9:12  Marine  
  119  9:16  Siege Tank  
  124  9:19  Marine  
  124  9:22  Supply Depot, Marine  
  126  9:26  Marine x2  
  126  9:29  Marine x2  
  126  9:30  Medivac  
  132  9:32  Marine  
  132  9:36  Marine  
  134  9:43  Marine  
  135  9:46  Marine  
  135  9:49  Siege Tank, Marine  
  135  9:50  Marine  
  130  9:59  Marine x4  
  127  10:04  Marine  
  127  10:05  Marine x2  
  132  10:07  Starport Reactor  
  132  10:12  Marine  
  131  10:23  Marine x6  
  134  10:32  Marine x3  
  91  10:40  Marine  
  91  10:41  Marine x5  
  85  10:49  Marine  
  79  10:50  Marine x2  
  79  10:53  Medivac  
  79  10:54  Medivac  
  86  10:58  Marine, Orbital Command  
  86  11:03  Marine x2  
  89  11:04  Marine  
  90  11:14  Siege Tank  
  90  11:18  Marine  
  94  11:22  Marine  
  95  11:25  Marine  
  95  11:31  Medivac x2  
  97  11:38  Marine x2  
  97  11:39  Marine  
  100  11:42  Marine  
  100  11:43  Marine x2  
Show
View Real Time Build Order
Export as new Build Order

Ryung Terran - Winner!

Build Orders: Cyclone Opening 

Get SALT Encoding   

  12  0:00  SCV  
  13  0:12  SCV  
  14  0:17  Supply Depot  
  14  0:24  SCV  
  14  0:27  Refinery  
  15  0:38  SCV  
  16  0:44  Barracks  
  16  0:50  SCV  
  16  0:54  Refinery  
  17  1:03  SCV  
  18  1:15  SCV  
  19  1:31  Orbital Command  
  19  1:32  Factory  
  19  1:35  Reaper  
  20  1:43  Supply Depot  
  20  1:58  SCV  
  21  2:07  Reaper  
  22  2:10  SCV  
  25  2:15  Hellion  
  25  2:22  SCV  
  26  2:30  Command Center  
  26  2:34  SCV  
  27  2:37  Factory Tech Lab  
  27  2:39  Barracks Reactor  
  27  2:44  Supply Depot  
  27  2:46  SCV  
  28  2:56  Cyclone  
  31  3:01  SCV  
  31  3:10  Starport  
  31  3:14  SCV  
  31  3:16  Marine  
  33  3:26  SCV  
  35  3:40  SCV  
  35  3:41  Marine x2  
  34  3:47  Refinery  
  33  3:50  Orbital Command  
  33  3:52  SCV  
  33  3:53  Factory Tech Lab, Raven  
  36  3:59  Marine x2  
  38  4:04  SCV  
  39  4:11  Siege Tank  
  39  4:15  SCV  
  39  4:16  SCV  
  39  4:17  Marine x2  
  44  4:22  Supply Depot  
  46  4:27  SCV  
  46  4:28  SCV  
  48  4:34  Marine x2  
  48  4:36  Supply Depot, Raven  
  52  4:39  SCV  
  52  4:41  SCV  
  52  4:44  Siege Tank  
  57  4:51  SCV  
  58  4:53  SCV  
  58  4:54  Supply Depot  
  59  5:06  Command Center  
  59  5:09  SCV x2  
  61  5:16  Siege Tank  
  64  5:28  SCV x2  
  66  5:29  Viking x2  
  70  5:37  Supply Depot, Marine  
  70  5:38  Stimpack  
  70  5:40  SCV  
  70  5:41  SCV  
  73  5:50  Refinery  
  73  5:51  Siege Tank  
  73  5:53  SCV x2  
  78  5:59  Viking  
  78  6:01  Supply Depot  
  78  6:02  Viking  
  82  6:06  Supply Depot, SCV  
  82  6:07  SCV  
  84  6:21  Barracks, Orbital Command  
  84  6:22  Barracks  
  84  6:29  SCV  
  84  6:30  Engineering Bay x2  
  84  6:31  SCV  
  85  6:36  Siege Tank  
  88  6:48  Orbital Command  
  88  6:54  Marine  
  88  6:56  Viking x2  
  93  7:03  SCV  
  93  7:04  SCV  
  93  7:08  Siege Tank  
  98  7:12  Barracks Reactor x2  
  98  7:13  Terran Infantry Armor Level 1, Terran Infantry Weapons Level 1  
  98  7:16  SCV x2  
  98  7:21  SCV  
  98  7:26  Viking x2, Marine  
  98  7:28  SCV x2  
  105  7:30  Barracks  
  105  7:31  Barracks  
  105  7:33  SCV  
  106  7:40  SCV x2  
  108  7:45  SCV  
  108  7:46  Siege Tank  
  108  7:49  Refinery  
  108  7:51  Refinery, Marine  
  109  7:52  SCV, Marine x3  
  109  7:53  Marine  
  114  7:59  Combat Shield  
  113  8:05  Orbital Command  
  113  8:08  Marine  
  113  8:10  Marine x3  
  113  8:11  Marine  
  117  8:21  Barracks Reactor x2  
  117  8:26  Sensor Tower, Marine  
  116  8:27  Supply Depot x2  
  116  8:28  Marine  
  116  8:29  Siege Tank  
  116  8:32  Marine x3  
  123  8:36  Medivac  
  125  8:48  Medivac, Marine  
  125  8:51  Marine x2  
  125  8:52  Marine x2  
  125  8:53  Supply Depot  
  130  8:59  Marine x3  
  114  9:03  Siege Tank  
  114  9:04  Orbital Command  
  114  9:06  Marine x2  
  114  9:09  Marine x3  
  121  9:10  Marine  
  122  9:17  Marine x3  
  122  9:21  Medivac  
  127  9:28  Marine x2  
  129  9:36  Siege Tank  
  129  9:37  Marine x2  
  134  9:38  Orbital Command  
  134  9:39  Marine  
  134  9:40  Marine x2  
  123  9:56  Sensor Tower  
  123  9:57  Marine x4  
  123  9:59  Marine  
  115  10:00  Marine  
  117  10:08  Medivac x2, Siege Tank  
  124  10:14  Marine  
  124  10:15  Marine x2  
  124  10:16  Marine x2  
  124  10:19  Marine x2  
  128  10:22  Marine x2  
  125  10:32  Marine x2  
  125  10:33  Marine x2  
  125  10:34  Marine  
  84  10:37  Marine x2  
  84  10:41  Marine x2  
  81  10:47  Siege Tank  
  82  10:52  Marine  
  82  10:53  Marine  
  82  10:56  Marine  
  85  10:58  Marine  
  85  10:59  SCV  
  85  11:00  SCV  
  85  11:03  SCV  
  89  11:06  Marine x4  
  93  11:11  SCV  
  93  11:12  Medivac  
  93  11:13  Viking  
  93  11:16  Marine x2  
  100  11:28  Marine x4  
  100  11:30  Marine x2  
  97  11:34  Marine  
  97  11:35  Marine x2  
  97  11:37  SCV x2  
  97  11:38  SCV  
  116  11:49  SCV  
Tags
 
Add a new tag
Caveats
  • Supply blocks, unpowered buildings, or Contaminate may cause inaccurate times.
  • Supply counts are checked every 10 seconds.